TOP OF THE 1ST |
Miami Marlins batting - Pitching for Cincinnati Reds : LHP Daniel Norris
|
Pitching: LHP Daniel Norris
|
|
Batting: LHB Adam Frazier
|
0-0: Ball 1-0: Called Strike 1-1: Ball 2-1: Foul Ball, location: 2F 2-2: Fly out, F8 (Line Drive, 8LM)
|
Batting: LHB David Dahl
|
0-0: Ball 1-0: Bunt for hit - play at first, batter OUT! 1-3
|
Batting: SHB Francisco Lindor
|
0-0: Ball 1-0: Ball 2-0: Ball 3-0: Base on Balls
|
Batting: RHB Yasmany Tomas
|
0-0: Ball 1-0: Foul Ball, location: 2F 1-1: Ball 2-1: Swinging Strike 2-2: Foul Ball, location: 2F 2-2: SINGLE (Groundball, 6MD) Francisco Lindor to second Runner from 2nd tries for 3rd, SAFE, no throw
|
Batting: LHB Max Kepler
|
0-0: Ball 1-0: Ball 2-0: Ball 3-0: Base on Balls Yasmany Tomas to second
|
Batting: RHB C.J. Cron
|
0-0: Fielders Choice at 2nd, 6-4 (Groundball, 6)
|
Top of the 1st over - 0 runs, 1 hit, 0 errors, 3 left on base; Miami 0 - Cincinnati 0 |
BOTTOM OF THE 1ST |
Cincinnati Reds batting - Pitching for Miami Marlins : RHP Johnny Cueto
|
Pitching: RHP Johnny Cueto
|
|
Batting: LHB Jarrod Dyson
|
0-0: Foul Ball, location: 2F 0-1: Foul Ball, location: 2F 0-2: Strikes out swinging
|
Batting: LHB Robinson Cano
|
0-0: Ball 1-0: Called Strike 1-1: Foul Ball, location: 2F 1-2: Ground out U3 (Groundball, 34S)
|
Batting: LHB Joey Gallo
|
0-0: Ball 1-0: Foul Ball, location: 2F 1-1: Foul Ball, location: 2F 1-2: Ground out 4-3 (Groundball, 4)
|
Bottom of the 1st over - 0 runs, 0 hits, 0 errors, 0 left on base; Miami 0 - Cincinnati 0 |
TOP OF THE 2ND |
Miami Marlins batting - Pitching for Cincinnati Reds : LHP Daniel Norris
|
Batting: LHB Ryan Flaherty
|
0-0: Called Strike 0-1: Ball 1-1: Ball 2-1: Ground out 6-3 (Groundball, 6)
|
Batting: RHB Martin Maldonado
|
0-0: Ball 1-0: Called Strike 1-1: Ball 2-1: Ball 3-1: Foul Ball, location: 2F 3-2: Ground out 6-3 (Groundball, 6)
|
Batting: RHB Johnny Cueto
|
0-0: Ball 1-0: Foul Ball, location: 2F 1-1: Ball 2-1: Swinging Strike 2-2: Strikes out looking
|
Top of the 2nd over - 0 runs, 0 hits, 0 errors, 0 left on base; Miami 0 - Cincinnati 0 |
BOTTOM OF THE 2ND |
Cincinnati Reds batting - Pitching for Miami Marlins : RHP Johnny Cueto
|
Batting: RHB Edwin Encarnacion
|
0-0: Called Strike 0-1: Swinging Strike 0-2: Ball 1-2: Ground out 5-3 (Groundball, 5)
|
Batting: SHB Yasmani Grandal
|
0-0: Ball 1-0: Called Strike 1-1: Fly out, F9 (Flyball, 89D)
|
Batting: RHB Adam Duvall
|
0-0: Ball 1-0: Called Strike 1-1: Ball 2-1: Fly out, F7 (Flyball, 78M)
|
Bottom of the 2nd over - 0 runs, 0 hits, 0 errors, 0 left on base; Miami 0 - Cincinnati 0 |
TOP OF THE 3RD |
Miami Marlins batting - Pitching for Cincinnati Reds : LHP Daniel Norris
|
Batting: LHB Adam Frazier
|
0-0: Ball 1-0: Ball 2-0: Ball 3-0: Base on Balls
|
Batting: LHB David Dahl
|
0-0: Foul Ball, location: 2F 0-1: SINGLE (Line Drive, 78S) Adam Frazier to second
|
Batting: SHB Francisco Lindor
|
0-0: Ball 1-0: Foul Ball, location: 2F 1-1: Fielders Choice at 2nd, 1-6 (Groundball, 34S) Adam Frazier to third
|
Batting: RHB Yasmany Tomas
|
0-0: Ball 1-0: DOUBLE (Groundball, 5L) Adam Frazier scores Francisco Lindor to third
|
Batting: LHB Max Kepler
|
0-0: Foul Ball, location: 2F 0-1: Foul Ball, location: 2F 0-2: Ground out U3 (Groundball, 3)
|
Batting: RHB C.J. Cron
|
0-0: Fly out, F8 (Line Drive, 8RD)
|
Top of the 3rd over - 1 run, 2 hits, 0 errors, 2 left on base; Miami 1 - Cincinnati 0 |
BOTTOM OF THE 3RD |
Cincinnati Reds batting - Pitching for Miami Marlins : RHP Johnny Cueto
|
Batting: LHB Scooter Gennett
|
0-0: Ball 1-0: Ball 2-0: Called Strike 2-1: Foul Ball, location: 2F 2-2: Ball 3-2: Foul Ball, location: 2F 3-2: Fly out, F7 (Flyball, 7)
|
Batting: RHB Allen Cordoba
|
0-0: Foul Ball, location: 2F 0-1: Ball 1-1: Foul Ball, location: 2F 1-2: Ground out 5-3 (Groundball, 5S)
|
Batting: LHB Daniel Norris
|
0-0: Swinging Strike 0-1: Ball 1-1: Swinging Strike 1-2: Fly out, F8 (Flyball, 8LD)
|
Bottom of the 3rd over - 0 runs, 0 hits, 0 errors, 0 left on base; Miami 1 - Cincinnati 0 |
TOP OF THE 4TH |
Miami Marlins batting - Pitching for Cincinnati Reds : LHP Daniel Norris
|
Batting: LHB Ryan Flaherty
|
0-0: Ball 1-0: Ball 2-0: Ball 3-0: Base on Balls
|
Batting: RHB Martin Maldonado
|
0-0: Called Strike 0-1: SINGLE (Line Drive, 89S) Ryan Flaherty to second
|
Batting: RHB Johnny Cueto
|
0-0: Sac Bunt - play at first, batter OUT! 5-4 Ryan Flaherty to third Martin Maldonado to second
|
Batting: LHB Adam Frazier
|
0-0: Called Strike 0-1: Ground out U3 (Groundball, 3)
|
Batting: LHB David Dahl
|
0-0: Ball 1-0: Fly out, F7 (Flyball, 78D)
|
Top of the 4th over - 0 runs, 1 hit, 0 errors, 2 left on base; Miami 1 - Cincinnati 0 |
BOTTOM OF THE 4TH |
Cincinnati Reds batting - Pitching for Miami Marlins : RHP Johnny Cueto
|
Batting: LHB Jarrod Dyson
|
0-0: Ball 1-0: Bunt for hit - play at first, batter OUT! 1-3
|
Batting: LHB Robinson Cano
|
0-0: Ball 1-0: Called Strike 1-1: Ball 2-1: Ball 3-1: DOUBLE (Line Drive, 89M)
|
Batting: LHB Joey Gallo
|
0-0: Foul Ball, location: 2F 0-1: Ball 1-1: Fly out, F9 (Flyball, 9LD) Runner from 2nd tags up, SAFE at 3rd, no throw
|
Batting: RHB Edwin Encarnacion
|
0-0: Ball 1-0: Foul Ball, location: 2F 1-1: Fly out, F7 (Flyball, 78D)
|
Bottom of the 4th over - 0 runs, 1 hit, 0 errors, 1 left on base; Miami 1 - Cincinnati 0 |
TOP OF THE 5TH |
Miami Marlins batting - Pitching for Cincinnati Reds : LHP Daniel Norris
|
Batting: SHB Francisco Lindor
|
0-0: Called Strike 0-1: Swinging Strike 0-2: Ball 1-2: Ball 2-2: Strikes out looking
|
Batting: RHB Yasmany Tomas
|
0-0: Swinging Strike 0-1: SINGLE (Line Drive, 6D)
|
Batting: LHB Max Kepler
|
0-0: Called Strike 0-1: Foul Ball, location: 2F 0-2: Ground out U3 (Groundball, 3L) Yasmany Tomas to second
|
Batting: RHB C.J. Cron
|
0-0: Fly out, F7 (Line Drive, 7LM)
|
Top of the 5th over - 0 runs, 1 hit, 0 errors, 1 left on base; Miami 1 - Cincinnati 0 |
BOTTOM OF THE 5TH |
Cincinnati Reds batting - Pitching for Miami Marlins : RHP Johnny Cueto
|
Batting: SHB Yasmani Grandal
|
0-0: Fly out, F9 (Flyball, 9D)
|
Batting: RHB Adam Duvall
|
0-0: Ground out 6-3 (Groundball, 6)
|
Batting: LHB Scooter Gennett
|
0-0: Ground out 1-3 (Groundball, P)
|
Bottom of the 5th over - 0 runs, 0 hits, 0 errors, 0 left on base; Miami 1 - Cincinnati 0 |
TOP OF THE 6TH |
Miami Marlins batting - Pitching for Cincinnati Reds : LHP Daniel Norris
|
Batting: LHB Ryan Flaherty
|
0-0: Foul Ball, location: 2F 0-1: Ball 1-1: Fly out, F8 (Flyball, 8LS)
|
Batting: RHB Martin Maldonado
|
0-0: Called Strike 0-1: Called Strike 0-2: Ball 1-2: Ball 2-2: Foul Ball, location: 2F 2-2: Foul Ball, location: 2F 2-2: Ball 3-2: Foul Ball, location: 2F 3-2: Base on Balls
|
Batting: RHB Johnny Cueto
|
0-0: Called Strike 0-1: Sac Bunt - play at first, batter OUT! 1-4 Martin Maldonado to second
|
Batting: LHB Adam Frazier
|
0-0: Ball 1-0: Ball 2-0: Ball 3-0: Called Strike 3-1: SINGLE (Flyball, 9LS) Martin Maldonado to third Runner from 3rd tries for Home, SAFE, throw made home
|
Pitching: RHP Tyler Duffey
|
|
Now in LF: Colby Rasmus
|
|
Batting: LHB David Dahl
|
0-0: Called Strike 0-1: Ball 1-1: Ball Wild Pitch! Adam Frazier to second 2-1: Called Strike 2-2: Foul Ball, location: 2F 2-2: Strikes out swinging, 2-3 out at first.
|
Top of the 6th over - 1 run, 1 hit, 0 errors, 1 left on base; Miami 2 - Cincinnati 0 |
BOTTOM OF THE 6TH |
Cincinnati Reds batting - Pitching for Miami Marlins : RHP Johnny Cueto
|
Batting: RHB Allen Cordoba
|
0-0: Ball 1-0: Swinging Strike 1-1: Called Strike 1-2: Strikes out swinging
|
Batting: LHB Colby Rasmus
|
0-0: Swinging Strike 0-1: Foul Ball, location: 2F 0-2: Ball 1-2: SINGLE (Line Drive, 34D)
|
Batting: LHB Jarrod Dyson
|
0-0: Ball 1-0: Ball 2-0: Fly out, F2 (Popup, 2LF)
|
Batting: LHB Robinson Cano
|
0-0: Swinging Strike 0-1: Foul Ball, location: 2F 0-2: Ball 1-2: Fly out, F7 (Flyball, 7)
|
Bottom of the 6th over - 0 runs, 1 hit, 0 errors, 1 left on base; Miami 2 - Cincinnati 0 |
TOP OF THE 7TH |
Miami Marlins batting - Pitching for Cincinnati Reds : RHP Tyler Duffey
|
Pitching: RHP Raisel Iglesias
|
|
Batting: SHB Francisco Lindor
|
0-0: Called Strike 0-1: Ball 1-1: Ground out 3-1 (Groundball, 34)
|
Batting: RHB Yasmany Tomas
|
0-0: Foul Ball, location: 2F 0-1: Ball 1-1: Fly out, F7 (Flyball, 7D)
|
Batting: LHB Max Kepler
|
0-0: SINGLE (Groundball, 4MD)
|
Batting: RHB C.J. Cron
|
0-0: Foul Ball, location: 2F 0-1: SINGLE (Groundball, 56D) Max Kepler to second
|
Batting: LHB Ryan Flaherty
|
0-0: Ball 1-0: Ball 2-0: Ball 3-0: Base on Balls Max Kepler to third C.J. Cron to second
|
Batting: RHB Martin Maldonado
|
0-0: Fly out, F8 (Flyball, 8LD)
|
Top of the 7th over - 0 runs, 2 hits, 0 errors, 3 left on base; Miami 2 - Cincinnati 0 |
BOTTOM OF THE 7TH |
Cincinnati Reds batting - Pitching for Miami Marlins : RHP Johnny Cueto
|
Batting: LHB Joey Gallo
|
0-0: Called Strike 0-1: Called Strike 0-2: Foul Ball, location: 2F 0-2: Ball 1-2: Ball 2-2: Ball 3-2: Foul Ball, location: 2F 3-2: Foul Ball, location: 2F 3-2: Ground out 1-3 (Groundball, 34S)
|
Batting: RHB Edwin Encarnacion
|
0-0: Ball 1-0: Ball 2-0: Ball 3-0: Called Strike 3-1: Swinging Strike 3-2: Fly out, F8 (Line Drive, 8LM)
|
Batting: SHB Yasmani Grandal
|
0-0: Ball 1-0: Ball 2-0: Called Strike 2-1: Foul Ball, location: 2F 2-2: Ball 3-2: Foul Ball, location: 2F 3-2: Reached on error, E7 (Flyball, 7)
|
Pinch Hitting: LHB Adrian Gonzalez
|
0-0: Called Strike 0-1: Fly out, F4 (Line Drive, 4)
|
Bottom of the 7th over - 0 runs, 0 hits, 1 error, 1 left on base; Miami 2 - Cincinnati 0 |
TOP OF THE 8TH |
Miami Marlins batting - Pitching for Cincinnati Reds : RHP Raisel Iglesias
|
Pitching: LHP Felipe Rivero
|
|
Batting: RHB Johnny Cueto
|
0-0: Fly out, F7 (Line Drive, 7)
|
Batting: LHB Adam Frazier
|
0-0: Called Strike 0-1: Ground out 2-3 (Groundball, 2L)
|
Batting: LHB David Dahl
|
0-0: SINGLE (Groundball, 4S) (infield hit)
|
Batting: SHB Francisco Lindor
|
0-0: Ball 1-0: Called Strike 1-1: Swinging Strike 1-2: Ground out 5-3 (Groundball, 56S)
|
Top of the 8th over - 0 runs, 1 hit, 0 errors, 1 left on base; Miami 2 - Cincinnati 0 |
BOTTOM OF THE 8TH |
Cincinnati Reds batting - Pitching for Miami Marlins : RHP Johnny Cueto
|
Batting: LHB Scooter Gennett
|
0-0: Called Strike 0-1: Foul Ball, location: 2F 0-2: SINGLE (Line Drive, 9S)
|
Batting: RHB Allen Cordoba
|
0-0: Grounds into double play, 5-4-3 (Groundball, 56)
|
Batting: LHB Colby Rasmus
|
0-0: Bunt for hit - play at first, batter OUT! 1-3
|
Bottom of the 8th over - 0 runs, 1 hit, 0 errors, 0 left on base; Miami 2 - Cincinnati 0 |
TOP OF THE 9TH |
Miami Marlins batting - Pitching for Cincinnati Reds : LHP Felipe Rivero
|
Pitching: RHP Ken Giles
|
|
Batting: RHB Yasmany Tomas
|
0-0: Called Strike 0-1: Ball 1-1: Foul Ball, location: 2F 1-2: Foul Ball, location: 2F 1-2: Foul Ball, location: 2F 1-2: Strikes out swinging
|
Batting: LHB Max Kepler
|
0-0: Foul Ball, location: 2F 0-1: Foul Ball, location: 2F 0-2: Strikes out swinging
|
Batting: RHB C.J. Cron
|
0-0: Foul Ball, location: 2F 0-1: Foul Ball, location: 2F 0-2: Foul Ball, location: 2F 0-2: Ball 1-2: Strikes out swinging
|
Top of the 9th over - 0 runs, 0 hits, 0 errors, 0 left on base; Miami 2 - Cincinnati 0 |
BOTTOM OF THE 9TH |
Cincinnati Reds batting - Pitching for Miami Marlins : RHP Johnny Cueto
|
Pitching: RHP Blake Treinen
|
|
Now at 1B: Ian Desmond
|
|
Batting: LHB Jarrod Dyson
|
0-0: Ball 1-0: Ground out 6-3 (Groundball, 6)
|
Batting: LHB Robinson Cano
|
0-0: Called Strike 0-1: Ball 1-1: Called Strike 1-2: Ball 2-2: Foul Ball, location: 2F 2-2: SINGLE (Groundball, 34D)
|
Batting: LHB Joey Gallo
|
0-0: Ball 1-0: Ball 2-0: Swinging Strike 2-1: Swinging Strike 2-2: Strikes out swinging
|
Batting: RHB Edwin Encarnacion
|
0-0: Ball 1-0: Ball 2-0: Foul Ball, location: 2F 2-1: Ball 3-1: Foul Ball, location: 2F 3-2: Strikes out swinging
|
Bottom of the 9th over - 0 runs, 1 hit, 0 errors, 1 left on base; Miami 2 - Cincinnati 0 |
|